 Dungeon Crawl Stone Soup version 0.30.1-9-gdf580d7c3d (webtiles) character file.

Game seed: 15968544047448411595

2411367 SuperSeabass the Slayer (level 27, 133/133 HPs)
             Began as a Vine Stalker Brigand on Oct 5, 2023.
             Was a High Priest of Hepliaklqana.
             Escaped with the Orb
             ... and 4 runes on Oct 6, 2023!
             The game lasted 06:22:02 (65178 turns).

SuperSeabass the Slayer (Vine Stalker Brigand)     Turns: 65178, Time: 06:22:02

Health: 133/133    AC: 31    Str: 30    XL:     27
Magic:  38/38      EV: 19    Int: 17    God:    Hepliaklqana [*****.]
Gold:   3497       SH:  7    Dex: 18    Spells: 23/46 levels left

rFire   + + +        a - +9 demon whip (drain)
rCold   + . .        Y - +1 buckler {rF+}
rNeg    + . .        H - +5 fire dragon scales
rPois   +            l - +0 helmet of Anaesthesia {+Blink rN+ SInv}
rElec   +            f - +1 cloak of Indemnity {Int+5}
rCorr   +            L - +2 pair of gloves {hurl}
SInv    +            c - +3 pair of mountain boots {steadfast, rC+}
Will    +++..        y - amulet of faith
Stlth   ++           C - ring "Sueluvir" {rC+ rCorr Str+4 Stlth+}
HPRegen 1.22/turn    P - ring of Racirefu {rElec rPois Int+3}
MPRegen 0.26/turn

%: clarity, guardian spirit, faith
@: studying 3 skills
A: reduced essence, fangs 3, regeneration 1, magic shield, antimagic bite, no
potion heal 2, clarity, deterioration 1, dopey 1, frail 1, inability to read
after injury 1, MP-powered wands
0: Orb of Zot
}: 4/15 runes: barnacled, slimy, silver, gossamer
a: Renounce Religion, Evoke Blink, Recall Ancestor, Ancestor Identity,
Transference, Idealise


You escaped.
You worshipped Hepliaklqana.
Hepliaklqana was extremely pleased with you.
You visited 12 branches of the dungeon, and saw 56 of its levels.
You visited 1 bazaar.
You also visited: Sewer, Bailey and Wizlab.

You collected 7331 gold pieces.
You spent 3834 gold pieces at shops.

Inventory:

Hand Weapons
 a - a +9 demon whip of draining (weapon)
Missiles
 q - 11 silver javelins
 B - 36 boomerangs (quivered)
 E - 9 silver boomerangs
 J - 16 javelins
 T - 6 throwing nets
 U - 2 curare-tipped darts
Armour
 c - the +3 pair of mountain boots (worn) {steadfast, rC+}
   (You found it on level 5 of the Vaults)

   Steadfast: It prevents involuntary movement, except for blinking,
   teleportation, or banishment.
   rC:        It protects you from cold.
 f - the +1 cloak of Indemnity (worn) {Int+5}
   (You found it in a wizard's laboratory)

   Int:       It affects your intelligence (+5).
 l - the +0 helmet of Anaesthesia (worn) {+Blink rN+ SInv}
   (You found it on level 2 of the Crypt)

   rN:        It protects you from negative energy.
   SInv:      It lets you see invisible.
   +Blink:    It lets you blink.
 H - +5 fire dragon scales (worn)
 L - a +2 pair of gloves of hurling (worn)
 X - the +10 scale mail of Limited Liability {+Blink +Inv Slay+5}
   (You found it on level 3 of the Elven Halls)

   Slay:      It affects your accuracy & damage with ranged weapons and melee
   (+5).
   +Inv:      It lets you turn invisible.
   +Blink:    It lets you blink.
 Y - a +1 buckler of fire resistance (worn)
Jewellery
 y - an amulet of faith (around neck)
 A - the ring of Voifed {AC+4 Str+4}
   (You took it off a deep elf blademaster on level 3 of the Elven Halls)

   [ring of protection]

   AC:        It affects your AC (+4).
   Str:       It affects your strength (+4).
 C - the ring "Sueluvir" (left hand) {rC+ rCorr Str+4 Stlth+}
   (You found it on level 3 of the Spider Nest)

   [ring of protection from cold]

   Str:       It affects your strength (+4).
   rC:        It protects you from cold.
   rCorr:     It protects you from acid and corrosion.
   Stlth:     It makes you more stealthy.
 P - the ring of Racirefu (right hand) {rElec rPois Int+3}
   (You took it off a deep elf annihilator on level 3 of the Elven Halls)

   [ring of poison resistance]

   Int:       It affects your intelligence (+3).
   rElec:     It insulates you from electricity.
   rPois:     It protects you from poison.
 W - a ring of willpower
Wands
 d - a wand of digging (23)
 i - a wand of iceblast (8)
 m - a wand of mindburst (34)
 p - a wand of polymorph (28)
 r - a wand of acid (32)
Scrolls
 e - 14 scrolls of poison
 h - a scroll of butterflies
 k - 7 scrolls of vulnerability
 t - 4 scrolls of enchant weapon
 u - 28 scrolls of teleportation
 w - a scroll of silence
 D - a scroll of blinking
 F - 4 scrolls of brand weapon
 I - 10 scrolls of fog
 O - 9 scrolls of fear
Potions
 b - 8 potions of ambrosia
 g - 5 potions of flight
 j - 12 potions of brilliance
 n - 11 potions of might
 o - 13 potions of mutation
 s - 5 potions of haste
 z - 6 potions of invisibility
 G - 26 potions of curing
 K - 10 potions of cancellation
 Q - 3 potions of berserk rage
 V - 6 potions of lignification
Miscellaneous
 v - a phantom mirror
 x - a box of beasts
 N - a condenser vane
 Z - a phial of floods


   Skills:
 * Level 24.3 Fighting
 - Level 10.0 Short Blades
 - Level 12.0 Maces & Flails
 - Level 16.0 Throwing
 * Level 15.6 Armour
 - Level 14.2 Dodging
 + Level 14.1 Stealth
 - Level 5.0 Shields
 - Level 10.0 Spellcasting
 + Level 17.1 Summonings
 - Level 12.0 Translocations
 - Level 10.0 Air Magic
 - Level 14.0 Invocations


You had 23 spell levels left.
You knew the following spells:

 Your Spells              Type           Power      Damage    Failure   Level
c - Summon Cactus Giant   Summ           30%        N/A       2%          6
f - Summon Forest         Summ/Tloc      27%        N/A       1%          5
l - Lesser Beckoning      Tloc           98%        N/A       1%          2
z - Apportation           Tloc           98%        N/A       1%          1
B - Blink                 Tloc           98%        N/A       1%          2
G - Passage of Golubria   Tloc           49%        N/A       1%          4
R - Swiftness             Air            42%        N/A       1%          3

Your spell library contained the following spells:

 Spells                   Type           Power      Damage    Failure   Level
 Summon Small Mammal      Summ           100%       N/A       0%          1
 Call Canine Familiar     Summ           61%        N/A       1%          3
 Gell's Gravitas          Tloc           49%        N/A       1%          3
 Summon Guardian Golem    Hex/Summ       37%        N/A       1%          3
 Teleport Other           Tloc           49%        N/A       1%          3
 Vhi's Electric Charge    Tloc/Air       90%        N/A       1%          3
 Manifold Assault         Tloc           49%        N/A       1%          4
 Summon Lightning Spire   Summ/Air       53%        N/A       1%          4
 Shock                    Conj/Air       100%       1d9       2%          1
 Poisonous Vapours        Pois/Air       50%        N/A       3%          2
 Airstrike                Air            21%        2d(3-19)  3%          4
 Portal Projectile        Hex/Tloc       56%        N/A       4%          3
 Animate Armour           Summ/Erth      74%        N/A       5%          4
 Cigotuvi's Dreadful Rot  Necr/Pois/Air  38%        N/A       7%          2
 Summon Hydra             Summ           30%        N/A       13%         7
 Mephitic Cloud           Conj/Pois/Air  19%        N/A       14%         3
 Summon Mana Viper        Hex/Summ       37%        N/A       14%         5
 Iskenderun's Mystic Bla  Conj/Tloc      28%        2d7       16%         4
 Beastly Appendage        Tmut           16%        N/A       19%         1
 Foxfire                  Conj/Fire      32%        2x1d5     19%         1
 Freeze                   Ice            32%        1d5       19%         1
 Kiss of Death            Conj/Necr      32%        2d7       19%         1
 Necrotise                Necr           32%        1d5       19%         1
 Sting                    Tmut/Pois      32%        1d4       19%         1
 Dispersal                Tloc           24%        N/A       21%         6
 Wereblood                Tmut           8%         N/A       26%         2
 Malign Gateway           Summ/Tloc      27%        N/A       36%         7
 Confusing Touch          Hex            8%         N/A       47%         3
 Frozen Ramparts          Ice            16%        1d3       47%         3
 Hailstorm                Conj/Ice       8%         3d4       47%         3
 Ignite Poison            Fire/Tmut/Pois 8%         N/A       47%         3
 Inner Flame              Hex/Fire       8%         N/A       47%         3
 Ozocubu's Armour         Ice            8%         N/A       47%         3
 Spider Form              Tmut/Pois      8%         N/A       47%         3
 Stone Arrow              Conj/Erth      16%        3d8       47%         3
 Tukima's Dance           Hex            8%         N/A       47%         3
 Vampiric Draining        Necr           8%         2d6       47%         3
 Arcjolt                  Conj/Air       12%        1d22      54%         5
 Silence                  Hex/Air        12%        N/A       54%         5
 Summon Horrible Things   Summ           30%        N/A       71%         8
 Freezing Cloud           Conj/Ice/Air   9%         6-21      78%         5
 Anguish                  Hex/Necr       4%         N/A       87%         4
 Animate Dead             Necr           8%         N/A       87%         4
 Cause Fear               Hex            4%         N/A       87%         4
 Dispel Undead            Necr           8%         3d8       87%         4
 Leda's Liquefaction      Hex/Erth       4%         N/A       87%         4
 Olgreb's Toxic Radiance  Pois           8%         N/A       87%         4
 Sticky Flame             Conj/Fire      8%         2d3       87%         4
 Conjure Ball Lightning   Conj/Air       12%        3x3d6     98%         6
 Plasma Beam              Fire/Air       12%        2x1d26    98%         6
 Agony                    Necr           8%         N/A       99%         5
 Alistair's Intoxication  Tmut/Pois      5%         N/A       99%         5
 Blade Hands              Tmut           4%         N/A       99%         5
 Fireball                 Conj/Fire      4%         3d4       99%         5
 Irradiate                Conj/Tmut      4%         3d13      99%         5
 Iskenderun's Battlesphe  Conj           8%         2d6       99%         5
 Yara's Violent Unravell  Hex/Tmut       4%         3d4       99%         5
 Haunt                    Necr/Summ      18%        N/A       99%         7
 Spellforged Servitor     Conj/Summ      18%        N/A       99%         7
 Iron Shot                Conj/Erth      4%         9d2       100%        6
 Starburst                Conj/Fire      4%         6d3       100%        6
 Dragon Form              Tmut           4%         N/A       100%        7
 Enfeeble                 Hex            4%         N/A       100%        7
 Orb of Destruction       Conj           4%         9d5       100%        7
 Ozocubu's Refrigeration  Ice            4%         4d8       100%        7
 Storm Form               Tmut/Air       12%        N/A       100%        7
 Discord                  Hex            4%         N/A       100%        8
 Disjunction              Tloc           24%        N/A       100%        8
 Infestation              Necr           4%         N/A       100%        8
 Lehudib's Crystal Spear  Conj/Erth      4%         10d3      100%        8
 Maxwell's Capacitive Co  Air            21%        ∞         100%        8


Dungeon Overview and Level Annotations

Branches:
Dungeon (15/15)            Temple (1/1) D:5            Lair (5/5) D:10
 Shoals (4/4) Lair:2       Spider (4/4) Lair:3        Slime (5/5) Lair:4
    Orc (2/2) D:10            Elf (3/3) Orc:2        Vaults (5/5) D:14
  Crypt (3/3) Vaults:3       Tomb (0/3) Crypt:3      Depths (4/4) D:15
    Zot (5/5) Depths:4      Sewer (visited)          Bailey (visited)
 WizLab (visited)

Altars:
Ashenzari
Cheibriados
Dithmenos
Elyvilon
Fedhas
Gozag
Hepliaklqana
Kikubaaqudgha
Makhleb
Nemelex Xobeh
Okawaru
Qazlal
Ru
Sif Muna
Trog
Uskayaw
Vehumet
Wu Jian
Xom
Yredelemnul
Zin
The Shining One
Jiyva

Shops:
D:12 (*!::   Orc:2 [(?[=*   Depths:3 =

Portals:
Hell: Depths:1 Depths:2 Depths:3 Depths:4
Abyss: Depths:1 Depths:3
Pandemonium: Depths:2 Depths:3
Trove: D:10 (give horn of Geryon)

Annotations:
Elf:2 3 runed translucent doors, exclusion: 3 doors
Vaults:3 2 transporters, Nornya's ghost, veteran MfSu
Crypt:3 5 exclusions, Mennas
Depths:1 exclusions: 2 great orbs of eyes, shining eye and 6 more exclusions
Depths:3 1 runed translucent door, exclusion: door, LordWeiramon's ghost, veteran VSGl


Innate Abilities, Weirdness & Mutations

Your life essence is reduced to manifest your ancestor. (-10% HP)
You have razor-sharp teeth.
Your natural rate of healing is unusually fast.
When hurt, damage is shared between your health and your magic reserves.
Your bite disrupts and absorbs the magic of your enemies.
Potions cannot restore your health.
You possess an exceptional clarity of mind.
Your body sometimes deteriorates upon taking damage.
You are dopey. (Int -2)
You are frail. (-10% HP)
You occasionally lose the ability to read scrolls when taking damage.
You expend magic power (3 MP) to strengthen your wands.


Message History

A sun demon comes into view.
The sun demon moves out of view.
There is a stone staircase leading up here.
You climb upwards.
There is a stone staircase leading down here.
(D) Dungeon (T) Temple (L) Lair (A) Shoals (N) Spider Nest (M) Slime Pits (O) Orcish Mines (E) Elven Halls (V) Vaults (C) Crypt (W) Tomb (U) Depths (H) Hell (Z) Zot
Where to? (Enter - D:1 @ (x,y), ? - help)
What level of the Dungeon? (default 1, ? - help)
There is a stone staircase leading up here.
You climb upwards.
There is a stone staircase leading down here.
You swap places.
You see here a +0 dagger.
A neqoxec comes into view.
You throw a boomerang.
The boomerang hits the neqoxec and shatters for extra damage.
The neqoxec is lightly wounded.
You throw a boomerang. The boomerang hits the neqoxec!!
The neqoxec is severely wounded.
You throw a boomerang. The boomerang hits the neqoxec!!
You kill the neqoxec!
(D) Dungeon (T) Temple (L) Lair (A) Shoals (N) Spider Nest (M) Slime Pits (O) Orcish Mines (E) Elven Halls (V) Vaults (C) Crypt (W) Tomb (U) Depths (H) Hell (Z) Zot
Where to? (Enter - D:1 @ (x,y), ? - help)
There is an escape hatch in the ceiling here.
Really go through this one-way escape hatch?
A mysterious force pulls you upwards. The hatch slams shut behind you.
(D) Dungeon (T) Temple (L) Lair (A) Shoals (N) Spider Nest (M) Slime Pits (O) Orcish Mines (E) Elven Halls (V) Vaults (C) Crypt (W) Tomb (U) Depths (H) Hell (Z) Zot
Where to? (Enter - D:1 @ (x,y), ? - help)
There is a staircase leading out of the dungeon here.
Unknown command.
You have escaped!

.# #.#.#.#.####.######..#.##....
.####.....#.####.### #.....#.##.
.'....#.#.#.##.....####..#..#.##.
.####.#.####+.......'##.......##.
.# #.#.####.........##..........
.####....##...........##...##.##.
.+.......#.............#...##.##.
.#########.............##>.#..##.
.#########......@......##..#.###.
........##......R......##..#.# #.
#.......##.............##..#.# #.
.........##...........###..#.###.
..........#+.........##..........
........#..##.......###.#..#.####
........##..##.....####.#..#.#
.......####..##...##.........#
######## ##..##.#+........###


You could see the friendly Stanko the hexer.

Vanquished Creatures
  the Royal Jelly (Slime:5)
  4 dread liches
  An ancient lich (Vaults:5)
  An orb of fire (Zot:5)
  A juggernaut (Depths:4)
  Boris (4 times) (Vaults:3 D:15 Depths:2 Crypt:2)
  6 Killer Klowns (Zot:5)
  A curse toe (Crypt:3)
  Saint Roka (Vaults:1)
  3 golden dragons
  3 doom hounds
  A Hellbinder (WizLab)
  An electric golem (Zot:5)
  A Hell Sentinel (Depths:4)
  Rupert (D:15)
  4 tentacled monstrosities
  A lich (Crypt:3)
  25 Orb Guardians
  2 quicksilver dragons
  3 titans (Vaults:5)
  4 deep elf master archers (Elf:3)
  6 deep elf blademasters
  4 ancient champions
  12 acid blobs
  2 death cobs
  7 sphinxes
  The ghost of Wiggles the Executioner, an adept MiBe of Trog (Spider:2)
  9 tengu reavers
  2 revenants
  6 storm dragons
  4 shadow dragons
  9 rockslimes
  3 draconian knights
  7 azure jellies
  4 fire giants
  3 iron dragons
  13 vault wardens
  A deep elf elementalist (Elf:1)
  A daeva (Depths:1)
  A caustic shrike zombie (D:15)
  3 draconian scorchers
  5 ghost moths
  3 frost giants
  5 deep elf sorcerers
  5 emperor scorpions
  3 curse skulls
  2 draconian stormcallers
  Louise (Depths:3)
  2 draconian shifters
  2 reapers
  8 quicksilver oozes (Slime:5)
  A caustic shrike skeleton (Crypt:1)
  11 ghouls
  A draconian annihilator (Zot:2)
  12 very ugly things
  A demonspawn blood saint (WizLab)
  11 ironbound preservers
  A war gargoyle (D:13)
  3 green draconians
  8 ironbound thunderhulks
  A spriggan defender (Depths:2)
  7 vampire knights
  11 stone giants
  2 deep elf demonologists
  4 white draconians
  2 lorocyprocas
  8 dire elephants
  9 spark wasps
  4 red draconians
  6 purple draconians
  2 black draconians
  2 yellow draconians
  8 deep elf annihilators
  6 ettins
  3 eidola (Crypt:3)
  4 deep elf death magi
  Snorg (D:13)
  A green death (WizLab)
  2 blizzard demons
  3 crystal guardians
  4 merfolk javelineers
  A merfolk impaler (Shoals:4)
  3 entropy weavers
  5 fire dragons
  13 jiangshi
  3 deep elf high priests
  7 great orbs of eyes
  8 yaktaur captains
  A spriggan air mage (Depths:2)
  5 ice dragons
  A hell beast (Depths:2)
  2 rakshasas
  25 vault guards
  19 hydras
  3 ogre magi
  A peacekeeper (Elf:2)
  2 alligator snapping turtles
  12 ironbound frosthearts
  3 merfolk avatars
  8 centaur warriors
  A two-headed ogre (shapeshifter) (Vaults:5)
  3 death knights
  5 jorogumos
  A fenstrider witch skeleton (Crypt:1)
  A catoblepas (Lair:3)
  2 two-headed ogres (D:12)
  11 dancing weapons
  2 spriggan skeletons (Depths:1)
  A radroach (Spider:4)
  5 boulder beetles
  3 merfolk aquamancers
  An Orb Guardian zombie (Crypt:1)
  2 satyrs (Shoals:4)
  3 deep troll shamans
  A bennu skeleton (Crypt:1)
  10 vampire magi
  An Orb Guardian skeleton (Crypt:1)
  3 death yaks (Lair:4)
  2 tengu warriors
  A death scarab (Spider:3)
  6 deep troll earth magi
  3 spriggan berserkers
  A sun demon (WizLab)
  A storm dragon zombie (Crypt:2)
  8 hell knights
  2 soul eaters
  23 skeletal warriors
  8 iron trolls
  5 sixfirhies
  A shadow wraith (Vaults:5)
  5 pharaoh ants
  14 deep elf knights
  3 skysharks
  A golden dragon zombie (Crypt:3)
  28 deep trolls
  9 sea snakes
  A deep troll (shapeshifter) (Vaults:5)
  4 flayed ghosts
  2 lindwurms
  A shadow demon (Zot:2)
  An orange crystal statue (Zot:5)
  A glowing orange brain (Slime:5)
  2 orb spiders
  5 harpies (Shoals:2)
  A spriggan simulacrum (Depths:1)
  2 bog bodies
  18 phantasmal warriors
  9 deep elf archers
  A swamp dragon (D:12)
  4 steelbarb worms
  A golden dragon skeleton (D:15)
  21 deep elf pyromancers
  19 deep elf zephyrmancers
  4 wizards
  11 ironbound convokers
  4 necromancers
  5 orc knights
  18 ugly things
  7 orc sorcerers
  5 shining eyes
  An eleionoma zombie (Crypt:3)
  An oklob plant (Shoals:1)
  2 tengu skeletons (Vaults:3)
  2 iron dragon skeletons
  8 wolf spiders
  3 fauns (Shoals:2)
  8 cyclopes
  A salamander (Depths:3)
  A moth of wrath (Zot:3)
  A stone giant skeleton (Vaults:3)
  A frost giant skeleton (Vaults:3)
  5 elephants
  A moth of wrath (shapeshifter) (Vaults:4)
  15 merfolk sirens
  15 manticores
  2 water nymphs (Shoals:4)
  Joseph (D:7)
  6 black mambas
  A molten gargoyle (Lair:5)
  4 rust devils
  A dire elephant zombie (Crypt:1)
  A fire giant skeleton (Vaults:3)
  6 vault sentinels
  4 demonic crawlers
  An emperor scorpion simulacrum (Spider:3)
  A smoke demon (WizLab)
  Maggie (D:6)
  An eye of devastation (shapeshifter) (Vaults:4)
  5 cane toads
  A shock serpent skeleton (Crypt:3)
  3 eyes of devastation (Slime:5)
  A hellion (WizLab)
  6 orange demons
  A catoblepas zombie (Crypt:1)
  An efreet (D:13)
  4 torpor snails
  7 kobold demonologists
  31 yaktaurs
  A tormentor (WizLab)
  An elf skeleton (Vaults:3)
  8 komodo dragons
  5 rime drakes
  4 red devils
  A tengu conjurer (D:13)
  A white draconian skeleton (Crypt:1)
  A sea snake skeleton (Crypt:2)
  7 freezing wraiths
  2 ghost moth simulacra (Spider:3)
  14 merfolk
  2 yaktaur skeletons (Vaults:3)
  4 guardian mummies (Crypt:3)
  A purple draconian skeleton (Crypt:3)
  2 trolls
  2 hellwings
  2 meliai (D:14)
  2 trolls (shapeshifter)
  5 hornets (Spider:4)
  6 wind drakes
  A polar bear (Lair:2)
  9 tarantellas
  8 blink frogs
  Prince Ribbit (D:8)
  Grinder (D:5)
  9 snapping turtles
  4 dream sheep
  A spriggan zombie (D:15)
  A dream sheep (shapeshifter) (Depths:4)
  2 snapping turtles (shapeshifter)
  An air elemental (Elf:1)
  A jumping spider (shapeshifter) (D:12)
  17 jumping spiders
  5 water elementals
  59 slime creatures
  5 flying skulls
  A centaur simulacrum (D:12)
  An ettin skeleton (Vaults:3)
  5 shadows
  A black mamba zombie (Crypt:1)
  A ynoxinul (WizLab)
  9 culicivoras
  6 wyverns
  A guardian serpent skeleton (Crypt:2)
  10 wraiths
  5 basilisks
  51 yaks
  A black mamba skeleton (Crypt:1)
  Eustachio (D:4)
  A chaos spawn (WizLab)
  3 neqoxecs
  2 fire elementals
  A redback (shapeshifter) (Vaults:4)
  38 redbacks
  A steam dragon (D:9)
  5 wargs
  Edmund (D:4)
  12 vampire mosquitoes
  A swamp worm (shapeshifter) (Vaults:4)
  A naga zombie (Crypt:1)
  An acid dragon (D:10)
  2 glowing shapeshifter skeletons (Vaults:3)
  6 hell hounds
  An ogre skeleton (Vaults:3)
  An entropy weaver zombie (Crypt:3)
  13 water moccasins
  21 orc warriors
  Duvessa (D:7)
  A black bear (shapeshifter) (Vaults:5)
  A meliai simulacrum (D:15)
  A merfolk skeleton (Crypt:2)
  A sky beast (D:7)
  2 black bears
  An ice beast (D:4)
  12 wolves
  8 ogres
  5 centaurs
  3 human skeletons (Vaults:3)
  2 hexers
  A centaur (shapeshifter) (Vaults:4)
  A kobold brigand (D:10)
  A nameless horror (Depths:3)
  12 bullfrogs
  8 earth elementals
  4 necrophages
  7 scorpions
  5 wights
  A queen bee zombie (Crypt:2)
  Dowan (D:7)
  15 killer bees
  3 electric eels (D:12)
  A howler monkey (D:4)
  4 lava snakes (Lair:5)
  2 hounds
  A gnoll bouda (D:5)
  A jelly (D:5)
  A jelly (shapeshifter) (D:14)
  8 orc priests
  A sleepcap (D:6)
  Jessica (D:3)
  2 iguanas
  15 orc wizards
  A boggart zombie (Crypt:3)
  A hound skeleton (Crypt:3)
  Robin (D:2)
  12 gnolls
  12 adders
  A shadow imp (D:7)
  2 ufetubi (D:6)
  A worm (D:3)
  2 dart slugs
  56 orcs
  7 ball pythons
  6 endoplasms
  7 giant cockroaches
  15 goblins
  8 hobgoblins
  10 quokkas
  9 bats
  17 frilled lizards
  A gnoll skeleton (Crypt:1)
  12 kobolds
  2 rats
  12 snaplasher vines
1672 creatures vanquished.

Vanquished Creatures (collateral kills)
  An ancient lich (Zot:5)
  2 orbs of fire (Zot:5)
  A juggernaut (Depths:4)
  Bai Suzhen (Vaults:5)
  Boris (Vaults:4)
  A Killer Klown (Zot:5)
  An electric golem (Zot:5)
  A tentacled monstrosity (Zot:3)
  2 Orb Guardians (Zot:4)
  Grunn (Depths:3)
  A deep elf master archer (Elf:3)
  2 titans
  4 acid blobs (Slime:5)
  A death cob (Zot:3)
  Frances (D:14)
  A kraken (Shoals:3)
  A sphinx (Vaults:5)
  An ancient champion (Crypt:1)
  A tengu reaver (Vaults:5)
  3 shadow dragons
  Donald (Vaults:1)
  2 storm dragons
  An azure jelly (Slime:5)
  2 frost giants
  A rockslime (Slime:4)
  2 ghost moths (Spider:4)
  3 vault wardens
  Aizul (Spider:3)
  A draconian scorcher (Depths:4)
  5 ironbound preservers
  The ghost of Esekla the Eclecticist, a journeyman DENe of Vehumet (Spider:3)
  A draconian stormcaller (Zot:2)
  A reaper (Depths:2)
  2 cacodemons (WizLab)
  4 ghouls
  An orc warlord (Orc:2)
  A war gargoyle (Vaults:4)
  2 ironbound thunderhulks
  2 stone giants
  2 quicksilver oozes (Slime:3)
  A green draconian (Depths:4)
  7 very ugly things
  A vampire knight (Depths:4)
  2 yellow draconians
  4 red draconians
  A lorocyproca (WizLab)
  4 dire elephants
  4 purple draconians
  5 spark wasps
  A crystal guardian (Vaults:1)
  2 eidola (Vaults:3)
  2 deep elf death magi
  A merfolk javelineer (Shoals:4)
  A green death (WizLab)
  4 ettins
  5 jiangshi
  2 fire dragons (Depths:1)
  2 spriggan zombies
  2 merfolk impalers (Shoals:4)
  2 ice dragons (Depths:3)
  3 yaktaur captains
  2 great orbs of eyes (Slime:5)
  A hell beast (Depths:3)
  An alligator snapping turtle (Shoals:4)
  3 peacekeepers
  2 centaur warriors (D:13)
  An ogre mage (D:12)
  4 vault guards (Vaults:5)
  2 catoblepae (Depths:3)
  2 ironbound frosthearts
  2 spriggan air magi
  2 dancing weapons
  A radroach (Spider:4)
  A two-headed ogre (D:12)
  Erica (D:9)
  A tengu warrior (D:12)
  3 vampire magi
  3 deep troll shamans
  2 merfolk aquamancers (Shoals:4)
  2 death yaks (Lair:4)
  3 deep troll earth magi
  2 spriggan berserkers
  5 deep elf knights
  A sun demon (Depths:2)
  An iron troll (Depths:4)
  A soul eater (Depths:2)
  12 skeletal warriors
  16 hell knights
  3 sixfirhies
  A storm dragon skeleton (Crypt:1)
  A salamander mystic (Depths:3)
  A shadow demon (WizLab)
  4 orb spiders
  4 deep elf archers
  15 deep trolls
  A bunyip skeleton (Crypt:1)
  3 sea snakes
  A spectral wolf spider (Spider:3)
  A lindwurm (Lair:5)
  2 bog bodies
  2 ironbound convokers
  A kraken simulacrum (Shoals:4)
  3 wizards
  5 phantasmal warriors
  2 flayed ghosts (Crypt:2)
  5 necromancers
  3 orc knights
  2 steelbarb worms
  3 harpies (Shoals:2)
  An orc sorcerer (Orc:2)
  8 deep elf zephyrmancers
  6 manticores
  5 cyclopes
  3 wolf spiders
  17 ugly things
  11 deep elf pyromancers
  4 fauns
  7 elephants
  An oklob plant (Shoals:1)
  A salamander (Depths:3)
  A shining eye (Slime:4)
  4 rust devils
  A moth of wrath (Zot:3)
  A merfolk siren (Shoals:2)
  A vault sentinel (Vaults:1)
  A black mamba (Lair:5)
  A fire giant skeleton (D:15)
  3 torpor snails
  2 demonic crawlers
  A smoke demon (WizLab)
  3 water nymphs
  An orange demon (Depths:2)
  4 cane toads
  A molten gargoyle (Lair:5)
  6 komodo dragons
  A rime drake (Lair:5)
  An unseen horror (D:11)
  A gargoyle (D:13)
  A tormentor (WizLab)
  11 yaktaurs
  2 freezing wraiths
  2 ice devils
  2 tengu conjurers
  3 guardian mummies
  A red devil (Depths:2)
  6 merfolk
  3 polar bears
  4 trolls
  A meliai (D:14)
  A wolf spider simulacrum (Spider:3)
  9 tarantellas
  A hornet (Spider:4)
  7 blink frogs
  3 dream sheep (Lair:5)
  A snapping turtle (Shoals:1)
  2 jumping spiders (shapeshifter)
  11 slime creatures
  3 flying skulls (Crypt:1)
  3 jumping spiders
  5 water elementals
  An air elemental (Elf:3)
  A ynoxinul (Depths:2)
  5 culicivoras
  2 vampires (D:12)
  24 yaks
  A wyvern (Elf:1)
  A spriggan (Lair:3)
  3 steam dragons
  4 vampire mosquitoes (Spider:3)
  2 neqoxecs (Depths:3)
  5 basilisks
  11 redbacks
  A chaos spawn (Depths:3)
  A warg (Orc:1)
  A skyshark zombie (Crypt:3)
  An acid dragon (D:10)
  10 water moccasins
  2 hell hounds (Elf:1)
  A naga skeleton (Crypt:1)
  11 orc warriors
  3 ogres
  10 wolves
  2 centaurs (D:11)
  3 kobold brigands
  5 bullfrogs
  A glowing shapeshifter simulacrum (Depths:1)
  4 necrophages (Crypt:2)
  2 earth elementals (Depths:3)
  A naga simulacrum (Crypt:1)
  2 wights (D:7)
  A wyvern skeleton (Crypt:2)
  8 killer bees
  An electric eel (Spider:4)
  A jelly (D:8)
  A howler monkey (D:6)
  4 orc priests
  Crazy Yiuf (D:7)
  A sleepcap (D:8)
  10 orc wizards
  A gnoll (Orc:2)
  19 orcs
  A goblin (D:8)
  7 kobolds
  A tentacle (Shoals:4)
618 creatures vanquished.

Vanquished Creatures (others)
  A phantasmal warrior (Vaults:5)
  An air elemental (Elf:3)
  An earth elemental (Depths:3)
  A scorpion (Elf:3)
  A lava snake (Lair:5)
  44 hexers
  An ancestor (D:7)
  30 snaplasher vines
  8 tentacles (Shoals:4)
88 creatures vanquished.

Grand Total: 2378 creatures vanquished

Notes
Turn   | Place    | Note
-------+----------+-------------------------------------------
     0 | D:1      | SuperSeabass the Vine Stalker Brigand began the quest for
                  | the Orb.
     0 | D:1      | Reached XP level 1. HP: 11/11 MP: 2/2
   312 | D:1      | Reached skill level 5 in Stealth
   312 | D:1      | Reached XP level 2. HP: 15/15 MP: 3/3
   709 | D:2      | Reached skill level 2 in Fighting
   802 | D:2      | Reached XP level 3. HP: 18/18 MP: 4/4
   947 | D:2      | Gained mutation: Your natural rate of healing is unusually
                  | fast. [Vine Stalker growth]
   947 | D:2      | Reached XP level 4. HP: 23/23 MP: 5/5
   974 | D:2      | Noticed Robin
  1450 | D:2      | Killed Robin
  1842 | D:3      | Noticed a scorpion
  1844 | D:3      | Killed a scorpion
  1845 | D:3      | Reached XP level 5. HP: 28/28 MP: 6/6
  1932 | D:3      | Found a glowing drain.
  1960 | Sewer    | Entered a sewer
  2055 | Sewer    | Reached skill level 3 in Fighting
  2267 | Sewer    | Reached XP level 6. HP: 21/32 MP: 3/7
  2706 | D:3      | Noticed Jessica
  2970 | D:4      | Noticed an ice beast
  2971 | D:4      | Killed an ice beast
  3007 | D:4      | Reached skill level 5 in Short Blades
  3016 | D:4      | Noticed Eustachio
  3158 | D:4      | Killed Eustachio
  3159 | D:4      | Reached skill level 4 in Fighting
  3159 | D:4      | Reached XP level 7. HP: 30/37 MP: 8/8
  3515 | D:4      | Noticed Edmund
  3568 | D:5      | Entered Level 5 of the Dungeon
  3598 | D:5      | Noticed Grinder
  3690 | D:5      | Gained mutation: You have razor-sharp teeth. [Vine Stalker
                  | growth]
  3690 | D:5      | Reached XP level 8. HP: 42/42 MP: 9/9
  3746 | D:5      | Found a stormy altar of Qazlal.
  3856 | D:5      | Found a basalt altar of Yredelemnul.
  3899 | D:5      | Found a staircase to the Ecumenical Temple.
  3911 | Temple   | Entered the Ecumenical Temple
  4079 | Temple   | Became a worshipper of Hepliaklqana the Forgotten
  4107 | D:5      | Identified the +6 sling "Ciexah" {drain, Will+}
  4126 | D:5      | Found a shimmering altar of Xom.
  4132 | D:5      | Reached skill level 5 in Fighting
  4434 | D:5      | Killed Grinder
  4447 | D:5      | Found a hide-covered altar of Uskayaw.
  4634 | D:6      | Noticed Maggie
  4644 | D:6      | Found a shadowy altar of Dithmenos.
  4707 | D:6      | HP: 1/35 [Maggie/+0 broad axe of draining (1)]
  4719 | D:6      | Found a burning altar of Makhleb.
  4736 | D:6      | Killed Maggie
  4737 | D:6      | Reached skill level 6 in Fighting
  4737 | D:6      | Reached XP level 9. HP: 25/48 MP: 4/10
  4983 | D:6      | Found a blossoming altar of Fedhas.
  5055 | D:6      | Reached * piety under Hepliaklqana
  5487 | D:7      | Noticed Duvessa
  5488 | D:7      | Noticed Dowan
  5494 | D:7      | Killed Duvessa
  5500 | D:7      | Killed Dowan
  5589 | D:7      | Found a runed translucent door.
  5590 | D:7      | Noticed Crazy Yiuf
  5600 | D:7      | Killed Crazy Yiuf
  5658 | D:7      | Noticed Joseph
  5818 | D:7      | Reached skill level 7 in Fighting
  5827 | D:7      | Reached ** piety under Hepliaklqana
  5830 | D:7      | Remembered your ancestor Stanko as a hexer
  5967 | D:8      | Reached skill level 10 in Short Blades
  6015 | D:8      | Reached skill level 1 in Dodging
  6041 | D:8      | Found a radiant altar of Vehumet.
  6096 | D:8      | Noticed Prince Ribbit
  6105 | D:8      | Killed Prince Ribbit
  6106 | D:8      | Reached XP level 10. HP: 49/49 MP: 11/11
  6176 | D:8      | Identified a scroll of acquirement
  6178 | D:8      | Acquired a manual of Invocations
  6325 | D:8      | Found a flagged portal.
  6342 | Bailey   | Entered a bailey
  6433 | Bailey   | Reached skill level 10 in Fighting
  6433 | Bailey   | Reached XP level 11. HP: 56/56 MP: 12/12
  6438 | Bailey   | Noticed an orc knight
  6439 | Bailey   | Noticed an orc knight
  6494 | D:8      | Reached skill level 5 in Dodging
  6497 | D:8      | Reached skill level 10 in Stealth
  6825 | D:9      | Noticed Erica
  6830 | D:9      | Killed Erica
  6852 | D:9      | Reached skill level 1 in Shields
  7051 | D:9      | Found a glowing golden altar of the Shining One.
  7284 | D:9      | You fall into a shaft and drop 3 floors!
  7324 | D:11     | Reached skill level 11 in Fighting
  7464 | D:11     | Reached *** piety under Hepliaklqana
  7702 | D:10     | Entered Level 10 of the Dungeon
  7737 | D:10     | Reached skill level 1 in Invocations
  8049 | D:10     | Reached **** piety under Hepliaklqana
  8131 | D:10     | Reached XP level 12. HP: 63/63 MP: 13/15
  8151 | D:10     | Found a staircase to the Lair.
  8220 | D:10     | Found a staircase to the Orcish Mines.
  8431 | D:10     | Noticed a centaur warrior
  8434 | D:10     | Killed a centaur warrior
  8435 | D:10     | Reached skill level 12 in Fighting
  8435 | D:10     | Reached skill level 5 in Invocations
  8479 | D:10     | Found a snail-covered altar of Cheibriados.
  8710 | D:10     | Found a sacrificial altar of Ru.
  8782 | D:10     | Found a glowing silver altar of Zin.
  8884 | D:10     | Found a portal to a secret trove of treasure.
  9252 | Lair:1   | Entered Level 1 of the Lair of Beasts
  9252 | Lair:1   | Reached ***** piety under Hepliaklqana
  9266 | Lair:1   | Reached skill level 5 in Shields
  9349 | Lair:1   | Reached skill level 1 in Armour
 10067 | Lair:2   | Reached skill level 13 in Fighting
 10086 | Lair:2   | Reached XP level 13. HP: 68/69 MP: 19/19
 10474 | Lair:2   | Got Jiomm's Thoughts on Translocated Toxicity
 10739 | Lair:2   | Found a staircase to the Shoals.
 11192 | Lair:3   | Reached skill level 14 in Fighting
 11350 | Lair:3   | Reached skill level 10 in Invocations
 11649 | Lair:3   | Found a hole to the Spider Nest.
 12097 | Lair:4   | Reached XP level 14. HP: 59/75 MP: 22/22
 12103 | Lair:4   | Reached skill level 5 in Armour
 12537 | Lair:4   | Reached skill level 15 in Fighting
 12621 | Lair:4   | Reached skill level 5 in Throwing
 13000 | Lair:4   | Found a viscous altar of Jiyva.
 13001 | Lair:4   | Found a runed translucent door.
 13001 | Lair:4   | Noticed an acid blob
 13002 | Lair:4   | Found a staircase to the Slime Pits.
 13177 | Lair:5   | Entered Level 5 of the Lair of Beasts
 14426 | Lair:5   | Found a large runed translucent door.
 14427 | Lair:5   | Found a large runed translucent door.
 14567 | Lair:5   | Reached XP level 15. HP: 71/81 MP: 14/24
 15056 | Lair:5   | Identified the amulet "Nimn" {Acrobat rN+ Dex+2}
 15671 | D:12     | Found Negg's Tiny Tomes.
 15687 | D:12     | Reached skill level 16 in Fighting
 15741 | Orc:1    | Entered Level 1 of the Orcish Mines
 15830 | Orc:2    | Entered Level 2 of the Orcish Mines
 16257 | Orc:2    | Reached skill level 1 in Translocations
 16351 | Orc:2    | Noticed an orc warlord
 16365 | Orc:2    | Killed an orc warlord
 16486 | Orc:2    | Found Amacuxta's Magic Scroll Shoppe.
 16586 | Orc:2    | Found Lesonow's Antique Armour Shoppe.
 16645 | Orc:2    | Found Ytist's General Store.
 16801 | Orc:2    | Found Mopsip's Jewellery Shoppe.
 17092 | Orc:2    | Found Tiduh's Antique Weapon Shop.
 17215 | Orc:2    | Found Nemn's Antique Armour Emporium.
 17223 | Orc:2    | Found a staircase to the Elven Halls.
 17313 | Orc:2    | Bought a ring of protection from fire for 425 gold pieces
 17863 | D:12     | Found Leuj's Book Emporium.
 17867 | D:12     | Found Qiof's Assorted Antiques.
 17869 | D:12     | Found Ideiren's Weapon Emporium.
 17870 | D:12     | Found Ezxucw's Distillery.
 17910 | D:12     | Bought a scroll labelled GOOXURPHEUKH for 23 gold pieces
 18141 | D:12     | Identified the ring "Exalasal" {Dex+2 SInv}
 19406 | D:13     | Reached XP level 16. HP: 70/88 MP: 20/26
 19504 | D:13     | Reached skill level 17 in Fighting
 19645 | D:13     | Learned a level 2 spell: Blink
 19648 | D:13     | Learned a level 2 spell: Lesser Beckoning
 19857 | D:13     | Reached skill level 5 in Translocations
 19919 | D:13     | Noticed a sphinx
 19925 | D:13     | Killed a sphinx
 19981 | D:13     | Noticed Snorg
 19996 | D:13     | Killed Snorg
 20250 | D:14     | Reached XP level 17. HP: 93/93 MP: 27/27
 20397 | D:14     | Noticed Frances
 20405 | D:14     | Killed Frances
 20437 | D:14     | Reached skill level 18 in Fighting
 20639 | D:14     | Found a gate to the Vaults.
 20692 | D:14     | Learned a level 1 spell: Apportation
 20958 | D:15     | Entered Level 15 of the Dungeon
 21269 | D:15     | Acquired a manual of Dodging
 21314 | D:15     | Noticed Rupert
 21322 | D:15     | Killed Rupert
 21481 | D:15     | Found a staircase to the Depths.
 22156 | Spider:1 | Entered Level 1 of the Spider Nest
 23109 | Spider:2 | Found a runed translucent door.
 23254 | Spider:2 | Identified the +11 dagger of Insomnia {heavy, rF+}
 23353 | Spider:2 | Reached XP level 18. HP: 99/99 MP: 28/28
 24060 | Spider:2 | Noticed Wiggles's ghost (adept MiBe)
 24240 | Spider:3 | Found a transporter.
 24262 | Spider:3 | Found a transporter.
 24264 | Spider:3 | Noticed Esekla's ghost (journeyman DENe)
 24451 | Spider:3 | Reached ****** piety under Hepliaklqana
 24646 | Spider:3 | Noticed Aizul
 24673 | Spider:3 | Killed Aizul
 24674 | Spider:3 | Reached skill level 10 in Dodging
 24943 | Spider:4 | Entered Level 4 of the Spider Nest
 25164 | Spider:4 | Reached skill level 1 in Spellcasting
 25166 | Spider:4 | Reached skill level 1 in Summonings
 25414 | Spider:4 | Reached skill level 10 in Throwing
 25670 | Spider:4 | Reached skill level 19 in Fighting
 26044 | Shoals:1 | Entered Level 1 of the Shoals
 26945 | Shoals:2 | You fall into a shaft and drop 1 floor!
 27251 | Shoals:2 | Reached XP level 19. HP: 104/104 MP: 29/29
 27259 | Shoals:2 | Learned a level 4 spell: Passage of Golubria
 28032 | Shoals:4 | Entered Level 4 of the Shoals
 28456 | Shoals:4 | Identified the +5 shortbow "Wasas" {antimagic, *Corrode
                  | rF++ Str+2 Dex+3}
 28627 | Shoals:4 | Got a barnacled rune of Zot
 28729 | Shoals:4 | Reached skill level 5 in Spellcasting
 28851 | Shoals:4 | Reached skill level 5 in Summonings
 28951 | Shoals:4 | Identified the +1 battleaxe "Xuefaodd" {protect, rF+ rC+
                  | Will+ Str+2}
 29664 | Spider:4 | Got a gossamer rune of Zot
 30037 | Vaults:1 | Entered Level 1 of the Vaults
 30078 | Vaults:1 | Noticed Saint Roka
 30103 | Vaults:1 | Killed Saint Roka
 30229 | Vaults:1 | Found a magical portal.
 30276 | WizLab   | Entered The Hall of the Hellbinder
 30300 | WizLab   | Reached skill level 10 in Translocations
 30684 | WizLab   | Noticed Xiseoxan
 30688 | WizLab   | Found a burning altar of Makhleb.
 30693 | WizLab   | Killed Xiseoxan the Hellbinder
 30770 | WizLab   | Got Jypoenn's Compilation of Command
 30773 | WizLab   | Identified the staff of conjuration "Ytweimneut" {rF+}
 30775 | WizLab   | Identified the staff of cold "Lericing" {rElec rC+ Int+3
                  | Stlth+}
 30794 | WizLab   | Identified the +4 broad axe of Ruez {heavy, rF+ rN+ rCorr
                  | Stlth+}
 30795 | WizLab   | Identified the +1 cloak of Indemnity {Int+5}
 30798 | WizLab   | Identified the staff of cold "Etirheikh" {*Corrode *Slow
                  | rC+ rN+++ Will++}
 30800 | WizLab   | Identified the ring "Rihen" {MP+9 Str+2}
 31007 | Vaults:1 | Reached XP level 20. HP: 72/109 MP: 23/30
 31150 | Vaults:1 | Identified the +2 rapier of the Several Violins {protect,
                  | Int+3 Stlth+}
 31433 | Vaults:1 | Noticed Donald
 31451 | Vaults:1 | Killed Donald
 33161 | D:12     | Bought a book of the Wilderness for 532 gold pieces
 33167 | D:12     | Learned a level 5 spell: Summon Forest
 33538 | Vaults:2 | Reached skill level 10 in Summonings
 34253 | Vaults:3 | Found a staircase to the Crypt.
 34564 | Vaults:3 | Noticed Boris
 34592 | Vaults:3 | Killed Boris
 34593 | Vaults:3 | Reached skill level 20 in Fighting
 34927 | Vaults:3 | Reached XP level 21. HP: 115/115 MP: 34/34
 35029 | Vaults:3 | Noticed Nornya's ghost (veteran MfSu)
 35030 | Vaults:3 | Found a transporter.
 35031 | Vaults:3 | Noticed a golden dragon
 35055 | Vaults:3 | Found a transporter.
 35376 | Vaults:4 | Noticed Boris
 35652 | Vaults:4 | Killed Boris
 35711 | Vaults:4 | Found a flickering gateway to a bazaar.
 35730 | Bazaar   | Entered a bazaar
 35761 | Bazaar   | Found Ewojabet's Assorted Antiques.
 35777 | Bazaar   | Found Ricwic's Magic Scroll Shoppe.
 35777 | Bazaar   | Found Gousudyo's Weapon Emporium.
 35799 | Bazaar   | Found Morideed's Antique Weapon Shoppe.
 35799 | Bazaar   | Found Wevig's Armour Emporium.
 35848 | Bazaar   | Bought a +2 pair of boots of flying for 258 gold pieces
 35859 | Bazaar   | Bought quicksilver dragon scales for 720 gold pieces
 35885 | Bazaar   | Bought a scroll of enchant armour for 97 gold pieces
 35885 | Bazaar   | Bought a scroll of vulnerability for 52 gold pieces
 37297 | Orc:2    | Bought a ring of poison resistance for 340 gold pieces
 37447 | Depths:1 | Entered Level 1 of the Depths
 37447 | Depths:1 | Found a gateway to Hell.
 37738 | Depths:1 | Noticed Boris
 37763 | D:15     | Learned a level 6 spell: Summon Cactus Giant
 37822 | D:15     | Killed Boris
 37946 | Depths:1 | Found a one-way gate to the infinite horrors of the Abyss.
 38934 | Depths:1 | Reached XP level 22. HP: 120/120 MP: 35/35
 39482 | Depths:2 | Noticed Boris
 39497 | Depths:2 | Killed Boris
 39498 | Depths:2 | Reached skill level 1 in Maces & Flails
 40122 | Depths:2 | Found a one-way gate leading to the halls of Pandemonium.
 40882 | Depths:3 | Found a runed translucent door.
 40905 | Depths:3 | Noticed LordWeiramon's ghost (veteran VSGl)
 40907 | Depths:3 | Reached skill level 5 in Maces & Flails
 41237 | Depths:3 | Found the +8 storm bow {elec, penet}
 41472 | Depths:3 | Gained mutation: You are vulnerable to cold. (rC-) [a
                  | neqoxec]
 41479 | Depths:3 | Lost mutation: You are vulnerable to cold. (rC-) [potion of
                  | mutation]
 41479 | Depths:3 | Gained mutation: You have supernaturally acute eyesight.
                  | (SInv) [potion of mutation]
 41479 | Depths:3 | Gained mutation: You have a somewhat thin skeletal
                  | structure. (Dex +2, Stealth+) [potion of mutation]
 41560 | Depths:3 | Found Pasmetz's Jewellery Shop.
 42210 | Depths:3 | Noticed Louise
 42222 | Depths:3 | Killed Louise
 42368 | Depths:3 | Identified the +10 mace of Senur {spect, rN+}
 42467 | Depths:4 | Entered Level 4 of the Depths
 42552 | Depths:4 | Noticed a golden dragon
 42564 | Depths:4 | Killed a golden dragon
 42628 | Depths:4 | Noticed a juggernaut
 42644 | Depths:4 | Killed a juggernaut
 43018 | Depths:4 | Noticed a juggernaut
 43035 | Depths:4 | Killed a juggernaut
 43036 | Depths:4 | Reached skill level 10 in Maces & Flails
 43569 | Depths:4 | Reached XP level 23. HP: 124/124 MP: 36/36
 43933 | Depths:4 | Noticed a golden dragon
 43945 | Depths:4 | Killed a golden dragon
 44289 | Depths:4 | Noticed Grunn
 44372 | Depths:3 | Killed Grunn
 44665 | Depths:4 | Found a gate to the Realm of Zot.
 45316 | D:3      | Killed Jessica
 45317 | D:3      | Found a shimmering blue altar of Sif Muna.
 45491 | D:4      | Killed Edmund
 45716 | D:7      | Killed Joseph
 45997 | D:13     | Identified the +8 long sword of the Sneaky Knives {venom,
                  | rPois rN+ SInv}
 46781 | Spider:2 | Killed Wiggles's ghost
 47884 | Spider:3 | Killed Esekla's ghost
 47930 | Spider:3 | Identified the ring "Sueluvir" {rC+ rCorr Str+4 Stlth+}
 48251 | Elf:1    | Entered Level 1 of the Elven Halls
 48414 | Elf:1    | Reached skill level 21 in Fighting
 48414 | Elf:1    | Reached skill level 15 in Summonings
 48470 | Elf:1    | Paralysed by an air elemental for 1 turns
 49129 | Elf:2    | Reached skill level 10 in Armour
 49318 | Elf:2    | Found a crumbling gateway.
 49625 | Elf:2    | Found a radiant altar of Vehumet.
 49658 | Elf:2    | Reached XP level 24. HP: 130/130 MP: 36/36
 49716 | Elf:2    | Found a runed translucent gate.
 49716 | Elf:2    | Found a runed translucent gate.
 49726 | Elf:2    | Found a runed translucent gate.
 49891 | Elf:3    | Entered Level 3 of the Elven Halls
 50645 | Elf:3    | Paralysed by an air elemental for 1 turns
 50820 | Elf:3    | Paralysed by an air elemental for 1 turns
 50930 | Elf:3    | Reached skill level 1 in Air Magic
 50969 | Elf:3    | Identified the +0 plate armour of the Catfish {rF+ Str+3}
 51090 | Elf:3    | Identified the ring of Voifed {AC+4 Str+4}
 51131 | Elf:3    | Identified the +1 great sword of Contradiction {antimagic,
                  | rN+}
 51131 | Elf:3    | Identified the ring of Racirefu {rElec rPois Int+3}
 51161 | Elf:3    | Identified the +0 plate armour of Plasticity {*Slow Int+2
                  | SInv}
 51163 | Elf:3    | Identified the +0 scale mail of Arraeh {-Tele Str+4 Dex+4}
 51183 | Elf:3    | Identified the staff of death "Zemaoro" {rN+ MP-9 Str+5}
 51216 | Elf:3    | Reached skill level 15 in Throwing
 51225 | Elf:3    | Identified the +10 scale mail of Limited Liability {+Blink
                  | +Inv Slay+5}
 51241 | Elf:3    | Identified the staff of conjuration "Aruohamp" {Dex+2}
 51256 | Elf:3    | Identified the +7 executioner's axe of the Inferno {drain,
                  | Will++}
 51655 | Crypt:1  | Entered Level 1 of the Crypt
 51989 | Crypt:1  | Learned a level 3 spell: Swiftness
 52100 | Crypt:1  | Reached skill level 5 in Air Magic
 52630 | Crypt:2  | Noticed Boris
 52654 | Crypt:2  | Killed Boris
 52820 | Crypt:2  | Identified the +0 helmet of Anaesthesia {+Blink rN+ SInv}
 53011 | Crypt:2  | Reached XP level 25. HP: 132/135 MP: 36/36
 53379 | Crypt:3  | Entered Level 3 of the Crypt
 53546 | Crypt:3  | Reached skill level 22 in Fighting
 53548 | Crypt:3  | Noticed Mennas
 53665 | Crypt:3  | Identified the +3 leather armour of Amorality {Drain rPois
                  | rC+++}
 53849 | Crypt:3  | Found the +8 Vampire's Tooth {megavamp}
 54145 | Crypt:3  | Found the ring of the Tortoise {AC+8}
 55230 | Slime:1  | Entered Level 1 of the Pits of Slime
 56082 | Slime:4  | Gained mutation: You are weak. (Str -2) [a shining eye]
 56100 | Slime:4  | Reached skill level 10 in Air Magic
 56248 | Slime:4  | Gained mutation: You are frail. (-10% HP) [a shining eye]
 56258 | Slime:4  | Lost mutation: You have supernaturally acute eyesight.
                  | (SInv) [potion of mutation]
 56258 | Slime:4  | Lost mutation: You are frail. (-10% HP) [potion of
                  | mutation]
 56258 | Slime:4  | Gained mutation: You are clumsy. (Dex -2) [potion of
                  | mutation]
 56258 | Slime:4  | Gained mutation: You possess an exceptional clarity of
                  | mind. [potion of mutation]
 56259 | Slime:4  | Lost mutation: You are weak. (Str -2) [potion of mutation]
 56259 | Slime:4  | Lost mutation: You are clumsy. (Dex -2) [potion of
                  | mutation]
 56259 | Slime:4  | Lost mutation: You have a somewhat thin skeletal structure.
                  | (Dex +2, Stealth+) [potion of mutation]
 56259 | Slime:4  | Gained mutation: You expend magic power (3 MP) to
                  | strengthen your wands. [potion of mutation]
 56702 | Slime:5  | Entered Level 5 of the Pits of Slime
 56737 | Slime:5  | Gained mutation: You are dopey. (Int -2) [a shining eye]
 56863 | Slime:5  | Noticed the Royal Jelly
 57904 | Slime:5  | Killed the Royal Jelly
 58058 | Slime:5  | Got a slimy rune of Zot
 58094 | Slime:5  | Identified the staff of fire "Aryofuh" {rPois rF+ rN+ Will+
                  | rCorr}
 58099 | Slime:5  | Got the Dissertation on Planar Accelerants
 58159 | Slime:5  | Identified the +1 leather armour of Philately {rC+ Will+
                  | Int+2}
 59612 | Orc:2    | Bought a scroll of poison for 60 gold pieces
 59612 | Orc:2    | Bought a scroll of blinking for 112 gold pieces
 59612 | Orc:2    | Bought a scroll of fear for 60 gold pieces
 59735 | D:12     | Bought a potion of mutation for 128 gold pieces
 59735 | D:12     | Bought a potion of brilliance for 64 gold pieces
 59735 | D:12     | Bought a potion of haste for 160 gold pieces
 59868 | Orc:2    | Bought a translucent leather armour for 266 gold pieces
 59868 | Orc:2    | Identified the +1 leather armour "Piklaf" {Dex+6} (You
                  | bought it in a shop on level 2 of the Orcish Mines)
 59868 | Orc:2    | Bought a glowing helmet for 285 gold pieces
 59896 | Orc:2    | Bought a heavily runed scale mail for 252 gold pieces
 59896 | Orc:2    | Identified the +0 scale mail "Xitetets" {Regen+ Int-2
                  | Dex+3} (You bought it in a shop on level 2 of the Orcish
                  | Mines)
 60176 | Vaults:5 | Entered Level 5 of the Vaults
 60206 | Vaults:5 | Noticed a dread lich
 60216 | Vaults:5 | Killed a dread lich
 60293 | Vaults:5 | Noticed a dread lich
 60299 | Vaults:5 | Killed a dread lich
 60429 | Vaults:5 | Identified the +9 plate armour of Gluttony {Will+ Str-3
                  | SInv}
 60459 | Vaults:5 | Reached XP level 26. HP: 140/142 MP: 32/36
 60835 | Vaults:5 | Reached skill level 23 in Fighting
 60953 | Vaults:5 | Noticed Bai Suzhen
 60967 | Vaults:5 | Killed Bai Suzhen
 61051 | Vaults:5 | Noticed an ancient lich
 61065 | Vaults:5 | Killed an ancient lich
 61267 | Vaults:5 | Identified the ring "Bediut" {rF+ Will- rCorr Dex+4}
 61604 | Vaults:5 | Found the +3 pair of mountain boots {steadfast, rC+}
 61619 | Vaults:5 | Identified the staff of air "Zumer" {rElec rPois Str+5
                  | Int-4 Stlth-}
 61640 | Vaults:5 | Identified the +2 robe "Oremah" {Contam rPois rN+ Stlth+}
 61762 | Vaults:5 | Identified the +6 scale mail of the Armadillo {MP+9}
 61873 | Vaults:5 | Got a silver rune of Zot
 61953 | Vaults:5 | Identified the ring "Pychuekhlemp" {Ice Dex+4}
 62002 | Vaults:5 | Identified the +0 leather armour of Day {rN+ MP+9 Stlth+}
 62492 | Zot:1    | Entered Level 1 of the Realm of Zot
 62879 | Zot:5    | Entered Level 5 of the Realm of Zot
 63116 | Zot:5    | Noticed a Killer Klown
 63219 | Zot:5    | Killed a Killer Klown
 63240 | Zot:5    | Noticed a Killer Klown
 63262 | Zot:5    | Killed a Killer Klown
 63263 | Zot:5    | Reached XP level 27. HP: 116/148 MP: 37/37
 63397 | Zot:5    | Noticed an orb of fire
 63410 | Zot:5    | Killed an orb of fire
 63586 | Zot:5    | Noticed an ancient lich
 63722 | Zot:5    | Killed an ancient lich
 63765 | Zot:5    | Noticed a dread lich
 63781 | Zot:5    | Killed a dread lich
 63835 | Zot:5    | Noticed an orb of fire
 63842 | Zot:5    | Gained mutation: You are frail. (-10% HP) [an orb of fire]
 63844 | Zot:5    | Killed an orb of fire
 64018 | Zot:5    | Reached skill level 15 in Armour
 64019 | Zot:5    | Noticed an orb of fire
 64032 | Zot:5    | Killed an orb of fire
 64060 | Zot:5    | Reached skill level 24 in Fighting
 64079 | Zot:5    | Reached skill level 10 in Spellcasting
 64080 | Zot:5    | Noticed a dread lich
 64086 | Zot:5    | Killed a dread lich
 64471 | Zot:5    | Got the Orb of Zot
 64892 | D:13     | Noticed Mainior the pandemonium lord
 65022 | D:9      | Gained mutation: You occasionally lose the ability to read
                  | scrolls when taking damage. [a cacodemon]
 65024 | D:9      | Gained mutation: Your body sometimes deteriorates upon
                  | taking damage. [a cacodemon]
 65178 | D:$      | Escaped with the Orb!

Illustrated notes

Levels and vault maps discovered:
D:1:      lemuel_arrival_rhombus, layout_basic, nicolae_figureground_sparkle
D:2:      layout_basic, minivault_4, uniq_robin
D:3:      layout_loops_ring, tgw_sif, portal_sewer_entry_f,
          nicolae_figureground_pulse
D:4:      layout_basic, minmay_misc_feat_square, uniq_edmund, uniq_eustachio
D:5:      layout_rooms, tgw_xom, nicolae_qazlal_eye_of_the_storm,
          eat_drink_and_be_merry_uskayaw, lemuel_round_altar,
          minmay_temple_entry_junction, nrook_campfire, uniq_grinder
D:6:      layout_cave_pools, mainiacjoe_overflow_small_starburst,
          fedhas_ov_isle_minmay, grunt_dithmenos_smoke_and_mirrors, uniq_maggie
D:7:      layout_basic, uniq_crazy_yiuf_cottage, uniq_duvessa, uniq_joseph
D:8:      layout_basic, fiery_altar_vehumet, enter_bailey_3, uniq_prince_ribbit1
D:9:      layout_roguey, mainiacjoe_overflow_alcove_1, minmay_microvault,
          uniq_erica
D:10:     wad_cavern_with_rooms, layout_long_grid, zin_scriptorium,
          mainiacjoe_overflow_alcove_4, mainiacjoe_overflow_tiny_flanked,
          minmay_lair_entry_grove, orc_0_dummy, enter_trove_3, minivault_11
D:11:     layout_stronghold, kennysheep_pointless_box
D:12:     minmay_the_grid_3x3 [minmay_the_grid_slots, minmay_the_grid_dragon_b,
          minmay_the_grid_doors, minmay_the_grid_minigrid_medium,
          minmay_the_grid_outer_diamond, minmay_the_grid_paths,
          minmay_the_grid_fan, minmay_the_grid_tri_star,
          minmay_the_grid_prize_big_room], layout_cave_pods,
          minmay_shop_grid_forest, chequers_big_river,
          nicolae_shop_i_like_small_books_too, serial_bayou_lagoon_a
D:13:     minmay_box_of_curves, layout_small_grid, uniq_snorg
D:14:     layout_gridville, david_vaults_5, chequers_serial_rivers_micro_b,
          uniq_frances
D:15:     gammafunk_depths_entry_grave, layout_rooms, uniq_rupert
Temple:   chequers_temple_sunken
Lair:1:   layout_hall_layers
Lair:2:   layout_roguey, elwin_shoals_entry_stream, st_stairs_6,
          guppyfry_lair_drakes, serial_bayou_shore_b
Lair:3:   layout_regular_city, spider_nest_entry_rubble,
          grunt_forest_stairs_clearing
Lair:4:   nzn_winding_woodlands_cross [nzn_winding_woodlands_5x15_parted,
          nzn_winding_woodlands_5x15_default,
          nzn_winding_woodlands_5x15_river_crossing,
          nzn_winding_woodlands_5x15_pathside_ponds,
          nzn_winding_woodlands_15x15_five_gardens], layout_regular_city,
          slime_entry_2
Lair:5:   cheibrodos_lair_end_hotspot, layout_layer_cave,
          nicolae_quartered_pool_little
Shoals:1: layout_shoals, nicolae_shoals_this_corrosion
Shoals:2: layout_shoals
Shoals:3: layout_shoals
Shoals:4: shoals_end_grunt_ice, layout_shoals
Spider:1: layout_spider_delve
Spider:2: layout_chambers, ebering_ghost_reflecting_pool
Spider:3: layout_spider_delve, gammafunk_ghost_mausoleum,
          nicolae_spider_bug_shape, nicolae_spider_cling_halls, uniq_aizul
Spider:4: spider_rune_water, nicolae_spider_eight_legs
Slime:1:  layout_caves
Slime:2:  layout_caves, nicolae_slime_barrier, nicolae_slime_rock_hall_of_fame
Slime:3:  layout_caves
Slime:4:  cheibrodos_slime_lost_civilization_9, layout_caves
Slime:5
Orc:1:    layout_caves, basic_altar
Orc:2:    grunt_orc_gardens, layout_caves, grunt_orc_garden, grunt_orc_garden,
          grunt_orc_garden, grunt_orc_garden, serial_shops, shop_coins,
          nicolae_shop_tiny_statue_garden, mines_bat_river
Elf:1:    eino_elf_arrival_the_gate, layout_rooms, special_room
          [special_room_mythical_zoo], hangedman_elven_crosses_minicolossus
Elf:2:    nicolae_elf_blades_splatter_lattice [nicolae_blade_entry_pointy_end],
          layout_geoelf_octagon, basic_altar,
          portal_desolation_entry_twin_temple
Elf:3:    minmay_elf_hall, layout_geoelf_octagon, einodemon_barbed_minivault
Vaults:1: infiniplex_enter_wizlab_water, nicolae_vaults_mitosis,
          vaults_room_hallway, nicolae_vaults_storage_closets_2, serial_ice_g,
          nicolae_vaults_crenellated_ambush, nicolae_vaults_tetromino_T_2,
          nicolae_vaults_tetromino_L_1, layout_vaults_omnigrid, uniq_saint_roka,
          uniq_donald
Vaults:2: v_pattern_3, hangedman_vaults_cutoff, v_misc_18,
          nicolae_vaults_more_shelving_1, vaults_room_boxed,
          nicolae_vaults_storage_closets_1, nicolae_vaults_tetromino_T_2,
          nicolae_vaults_diamond_1, v_misc_16, v_misc_13,
          grunt_vaults_hallway_short, layout_vaults_omnibox
Vaults:3: gammafunk_ghost_arena, vaults_dpeg_ring, nicolae_vaults_stand_back,
          nicolae_vaults_tetromino_Z_1, nicolae_vaults_apartment_1,
          vaults_room_fancy_cross, nicolae_vaults_stairing_the_circle,
          v_misc_17, nicolae_vaults_yaktaur_gun_rack,
          hangedman_vaults_variations, layout_vaults_big_room,
          minmay_crypt_entry_skeletal_spiral, uniq_boris
Vaults:4: vaults_standard_mumra_enter_the_diamond,
          nicolae_vaults_loss_of_containment, v_misc_26,
          nicolae_vaults_network_star, nicolae_vaults_wine_cellar,
          nicolae_vaults_apartment_2, hangedman_vaults_trim,
          nicolae_vaults_house_2, layout_vaults_omnicross, serial_shops,
          bzr_entry_lakeside
Vaults:5: serial_shops, uniq_bai_suzhen
Crypt:1:  layout_regular_city
Crypt:2:  layout_rooms, grunt_megastairs_2
Crypt:3:  david_glass_crypt, layout_misc_corridors, tomb_entry_sphere_bobbens,
          grunt_ministairs_9, minmay_misc_feat_cross, uniq_mennas
Depths:1: nooodl_glass_maze, layout_cross, enter_ziggurat_d,
          abyss_entry_crystal, hell_entry, minmay_misc_feat_doors,
          evilmike_butchery
Depths:2: kennysheep_demon_jail, layout_gridlike, nicolae_eternal_life,
          pan_entry, hangedman_tar_grid_catacomb
Depths:3: minmay_shoctagon, layout_gridlike, serial_shops, shop,
          grunt_pan_entry_spiral, muffindrake_ghost_three_little_ghosts,
          hell_entry, nicolae_abyss_entry_one_way_or_another,
          hangedman_cracks_in_the_wall, serial_bayou_shore_a
Depths:4: grunt_zot_entry_hairpin, layout_gridlike, hell_entry,
          grunt_megastairs_1, uniq_grunn
Zot:1:    layout_gridlike, uniq_tiamat
Zot:2:    layout_misc_corridors
Zot:3:    layout_misc_corridors
Zot:4:    layout_gridville
Zot:5:    layout_basic

Skill      XL: |  1  2  3  4  5  6  7  8  9 10 11 12 13 14 15 16 17 18 19 20 21 22 23 24 25 26 27 |
---------------+----------------------------------------------------------------------------------+-----
Short Blades   | 2 3 4 5 6 8 10 | 10.0
Stealth        | 5 6 9 10 11 12 14 | 14.1
Fighting       | 2 3 4 6 7 10 11 13 14 15 16 17 18 19 20 21 22 23 24 | 24.3
Dodging        | 1 4 6 7 9 11 12 13 14 | 14.2
Shields        | 3 5 |  5.0
Invocations    | 2 7 10 11 12 14 | 14.0
Armour         | 2 4 6 7 8 10 11 13 14 15 | 15.6
Throwing       | 3 6 7 8 9 10 11 12 13 14 15 16 | 16.0
Translocations | 4 5 7 8 10 11 12 | 12.0
Spellcasting   | 3 6 8 9 10 | 10.0
Summonings     | 3 6 11 14 15 16 17 | 17.1
Maces & Flails | 11 12 | 12.0
Air Magic      | 7 10 | 10.0

Action                     |  1- 3 |  4- 6 |  7- 9 | 10-12 | 13-15 | 16-18 | 19-21 | 22-24 | 25-27 || total
---------------------------+-------+-------+-------+-------+-------+-------+-------+-------+-------++-------
  Melee: Dagger            |    23 |   221 |   206 |   292 |   806 |   912 |  1328 |   238 |       ||  4026
         Bite              |     4 |    58 |    68 |   134 |   363 |   435 |   748 |   727 |   695 ||  3232
         Punch             |       |       |     6 |       |       |       |       |       |       ||     6
         Demon whip        |       |       |       |       |       |       |       |  1066 |  1128 ||  2194
   Fire: Sling             |       |       |   120 |   246 |   512 |   176 |    51 |       |       ||  1105
  Throw: Dart              |     7 |     4 |    22 |     1 |    14 |    74 |     9 |     1 |       ||   132
         Boomerang         |       |       |       |       |       |       |    80 |    33 |   162 ||   275
         Javelin           |       |       |       |       |       |       |       |     5 |       ||     5
   Cast: Lesser Beckoning  |       |       |       |       |       |    24 |   115 |    98 |   164 ||   401
         Summon Forest     |       |       |       |       |       |       |    19 |    44 |     8 ||    71
         Summon Cactus Gia |       |       |       |       |       |       |     2 |    48 |       ||    50
 Invoke: Ancestor Life: He |       |       |     1 |       |       |       |       |       |       ||     1
         Recall Ancestor   |       |       |       |     1 |     6 |     4 |     3 |     2 |    17 ||    33
         Idealise          |       |       |       |     1 |    22 |    15 |    21 |    14 |    15 ||    88
         Transference      |       |       |       |       |       |       |       |       |     1 ||     1
  Evoke: Wand              |       |       |       |     3 |     1 |       |     1 |     2 |     3 ||    10
         Box of beasts     |       |       |       |       |       |       |     2 |     2 |       ||     4
         Phantom mirror    |       |       |       |       |       |       |     1 |       |       ||     1
    Use: Scroll            |       |     7 |     7 |    15 |     4 |     4 |    14 |     8 |    22 ||    81
         Potion            |       |       |     2 |     2 |       |     4 |     9 |     3 |    24 ||    44
   Stab: Sleeping          |     5 |    12 |     2 |     3 |    13 |    13 |     9 |     7 |     4 ||    68
         Distracted        |       |     1 |       |     4 |    13 |    17 |    24 |    26 |    27 ||   112
         Confused          |       |       |       |     6 |    16 |    23 |    87 |    65 |    47 ||   244
         Invisible         |       |       |       |     4 |       |       |       |       |       ||     4
         Paralysed         |       |       |       |       |    16 |    51 |    81 |    75 |    91 ||   314
         Petrifying        |       |       |       |       |       |       |       |     1 |       ||     1
 Armour: Robe              |     3 |     8 |    27 |    28 |    68 |       |       |       |       ||   134
         Leather armour    |       |    40 |     2 |       |       |       |       |       |       ||    42
         Acid dragon scale |       |       |       |       |    67 |    64 |       |       |       ||   131
         Chain mail        |       |       |       |       |     1 |       |       |       |       ||     1
         Ring mail         |       |       |       |       |       |   153 |   176 |       |       ||   329
         Quicksilver drago |       |       |       |       |       |       |    62 |   126 |       ||   188
         Storm dragon scal |       |       |       |       |       |       |       |   163 |       ||   163
         Scale mail        |       |       |       |       |       |       |       |    68 |   146 ||   214
         Fire dragon scale |       |       |       |       |       |       |       |       |   131 ||   131
  Dodge: Dodged            |    11 |   108 |    95 |   176 |   446 |   514 |   498 |   512 |   358 ||  2718
  Block: Buckler           |       |       |       |    65 |   211 |   235 |   214 |   276 |   156 ||  1157
